 Dungeon Crawl Stone Soup version 0.23.2-33-g5129a83184 (webtiles) character file.

Game seed: 16701447468765244190

566 Electrofox the Magician (level 7, -2/50 HPs)
             Began as a Purple Draconian Venom Mage on Aug 4, 2019.
             Slain by a two-headed ogre
             ... wielding a cursed -1 dire flail
              (26 damage)
             ... on level 4 of the Dungeon.
             The game lasted 00:39:20 (4941 turns).

Electrofox the Magician (DrVM)                      Turns: 4941, Time: 00:39:21

Health: -2/50      AC:  7    Str: 10    XL:     7   Next: 10%
Magic:  14/14      EV: 12    Int: 17    God:
Gold:   225        SH:  0    Dex: 12    Spells: 12/16 levels left

rFire    . . .     SeeInvis .   a - +0 dagger (drain)
rCold    . . .     Gourm    .   (no shield)
rNeg     . . .     Faith    .   (armour unavailable)
rPois    .         Spirit   .   (helmet restricted)
rElec    .         Reflect  .   v - +0 cloak
rCorr    .         Harm     .   (no gloves)
MR       +....                  (no boots)
Stlth    ++........             (no amulet)
HPRegen  0.16/turn              (no ring)
MPRegen  0.14/turn              (no ring)

@: no status effects
A: breathe power, unfitting armour, cold-blooded, AC +6
a: Breathe Dispelling Energy


You were on level 4 of the Dungeon.
You were hungry.

You visited 1 branch of the dungeon, and saw 5 of its levels.

You collected 225 gold pieces.

Inventory:

Hand Weapons
 a - a +0 dagger of draining (weapon)
 b - a +0 hunting sling
Missiles
 f - 41 poisoned needles
 r - 7 poisoned javelins (quivered)
 u - 42 sling bullets
Armour
 v - a +0 cloak (worn)
Jewellery
 A - an uncursed ring of stealth {unknown}
Wands
 y - a wand of flame (24)
Scrolls
 d - a scroll of enchant weapon {unknown}
 h - 2 scrolls of fog {unknown}
 m - a scroll of random uselessness {unknown}
 o - 2 scrolls of remove curse {unknown}
 p - 4 scrolls of teleportation
 q - 2 scrolls of enchant armour {unknown}
 s - 2 scrolls of blinking
 w - a scroll of amnesia {unknown}
 x - a scroll of magic mapping {unknown}
Potions
 c - a potion of haste {unknown}
 e - a potion of mutation {unknown}
 g - a potion of brilliance {unknown}
 i - 3 potions of lignification
 j - a potion of cancellation {unknown}
 l - a potion of berserk rage {unknown}
 t - 3 potions of curing
 z - 2 potions of degeneration {unknown}
Comestibles
 k - 6 rations
 n - a chunk of flesh


   Skills:
 - Level 1.7 Dodging
 - Level 1.7 Stealth
 + Level 5.3 Spellcasting
 - Level 3.3 Conjurations
 - Level 3.1 Air Magic
 - Level 5.0 Poison Magic


You had 12 spell levels left.
You knew the following spells:

 Your Spells              Type           Power        Failure   Level  Hunger
a - Sting                 Conj/Pois      ###.         2%          1    None
b - Mephitic Cloud        Conj/Pois/Air  ###.....     9%          3    ##.....

Your spell library contained the following spells:

 Spells                   Type           Power        Failure   Level  Hunger
 Poisonous Vapours        Pois/Air       ###...       4%          2    #......
 Olgreb's Toxic Radiance  Pois           ###.....     19%         4    ####...
 Venom Bolt               Conj/Pois      ###.......   56%         5    ######.


Dungeon Overview and Level Annotations

Branches:
Dungeon (5/15)
 Temple: D:4-7

Altars:
Ashenzari
Dithmenos
Elyvilon
Fedhas
Gozag
Hepliaklqana
Makhleb
The Shining One

Shops:
D:5 (

Annotations:
D:2 Sigmund
D:5 Edmund


Innate Abilities, Weirdness & Mutations

You can breathe bolts of dispelling energy.
Your rich purple scales are hard. (AC +6)
You cannot fit into any form of body armour.
You are cold-blooded and may be slowed by cold attacks.


Message History

The two-headed ogre is moderately wounded.
You climb upwards.
There is a stone staircase leading down here.
You start resting.
Some of the chunks of flesh in your inventory have rotted away.
Magic restored.
You climb downwards.
Level annotation: Edmund
There is a stone staircase leading up here.
The two-headed ogre hits you with a cursed -1 dire flail!
The two-headed ogre closely misses you.
You climb upwards.
There is a stone staircase leading down here.
The two-headed ogre hits you with a cursed -1 dire flail!!
The two-headed ogre closely misses you.
There is an open door here.
You are feeling hungry.
The two-headed ogre hits you with a cursed -1 dire flail!!
Ouch! That really hurt!
You die...

#.........# ##########
#.........# .........#
######.........# .........#
#....+.........# .........#
#.####.........# .........#
#.#...#+######## .......(.#
#.#.#.#.#
.........######.#.#<#.########
...............O@..........†>#
########.###....#........###.#
...###
#.###..########.#.###.####
.....# #..##..#
#...............
.....####.##..#
#.#########.####
...........#..#
#...........#...
.........(.#..#
#############.#.
..............# ##...........
......(....##.# #......#.#.##


You could see a two-headed ogre.

Vanquished Creatures
  An ogre (D:5)
  A sky beast (D:4)
  A hound (D:4)
  A bullfrog zombie (D:5)
  A centaur skeleton (D:5)
  An orc priest (D:3)
  A bullfrog skeleton (D:4)
  Natasha (thrice) (D:2)
  A worker ant (D:5)
  A hound skeleton (D:4)
  A worker ant zombie (D:5)
  A howler monkey zombie (D:5)
  4 adders
  A shadow imp (D:5)
  An adder zombie (D:5)
  3 worms
  3 leopard geckos
  4 orcs
  4 bats
  2 giant cockroaches (D:2)
  5 goblins
  5 hobgoblins
  5 jackals
  A quokka (D:4)
  2 ball pythons
  4 frilled lizards
  5 kobolds
  3 leopard gecko skeletons
  A rat (D:3)
67 creatures vanquished.

Vanquished Creatures (others)
  A plant (D:2)
1 creature vanquished.

Grand Total: 68 creatures vanquished

Notes
Turn   | Place    | Note
-------+----------+-------------------------------------------
     0 | D:1      | Electrofox the Draconian Venom Mage began the quest for the
                  | Orb.
     0 | D:1      | Reached XP level 1. HP: 14/14 MP: 3/3
   407 | D:1      | Reached XP level 2. HP: 16/20 MP: 0/5
  1044 | D:2      | Noticed Natasha
  1057 | D:2      | Killed Natasha
  1057 | D:2      | Reached XP level 3. HP: 17/26 MP: 2/6
  1174 | D:2      | Noticed Natasha
  1183 | D:2      | Killed Natasha
  1183 | D:2      | Reached XP level 4. HP: 19/33 MP: 2/8
  1311 | D:1      | Learned a level 3 spell: Mephitic Cloud
  1366 | D:2      | Noticed Natasha
  1370 | D:2      | Killed Natasha
  1553 | D:2      | Noticed Sigmund
  1580 | D:2      | Found a white marble altar of Elyvilon.
  1581 | D:2      | Found a glowing golden altar of the Shining One.
  1882 | D:2      | Found a burning altar of Makhleb.
  1884 | D:2      | Found a shattered altar of Ashenzari.
  1884 | D:2      | Found a hazy altar of Hepliaklqana.
  1999 | D:2      | Found a shadowy altar of Dithmenos.
  1999 | D:2      | Found an opulent altar of Gozag.
  2002 | D:2      | Found a blossoming altar of Fedhas.
  2138 | D:3      | Reached XP level 5. HP: 38/38 MP: 5/9
  3221 | D:4      | Found a shattered altar of Ashenzari.
  3516 | D:5      | Entered Level 5 of the Dungeon
  3516 | D:5      | Found Gidyrphoeve's Weapon Shop.
  3866 | D:5      | Noticed an ogre
  3866 | D:5      | Noticed a two-headed ogre
  3878 | D:4      | Reached skill level 5 in Poison Magic
  3878 | D:4      | Reached XP level 6. HP: 41/45 MP: 8/11
  3932 | D:5      | Reached skill level 1 in Air Magic
  4216 | D:5      | Noticed Edmund
  4261 | D:5      | Noticed a sky beast
  4298 | D:4      | Killed a sky beast
  4659 | D:5      | Your scales start taking on a rich purple colour.
  4659 | D:5      | Reached skill level 5 in Spellcasting
  4659 | D:5      | Reached XP level 7. HP: 50/50 MP: 9/14
  4941 | D:4      | Slain by a two-headed ogre

Skill      XL: |  1  2  3  4  5  6 |
---------------+-------------------+-----
Conjurations   | 2 3 |  3.3
Spellcasting   | 3 5 |  5.3
Poison Magic   | 5 |  5.0
Air Magic      | 3 |  3.1
Dodging        | |  1.7
Stealth        | |  1.7

Action                   |  1- 3 |  4- 6 |  7- 9 || total
-------------------------+-------+-------+-------++-------
Melee: Unarmed           |    17 |       |       ||    17
       Tailslap          |     7 |    20 |     4 ||    31
       Short sword       |    22 |     6 |       ||    28
       Dagger            |    10 |   174 |    16 ||   200
 Fire: Hunting sling     |       |    11 |       ||    11
Throw: Javelin           |     1 |    19 |     1 ||    21
 Cast: Sting             |    27 |    66 |    18 ||   111
       Mephitic Cloud    |       |       |     1 ||     1
  Use: Scroll            |       |     5 |       ||     5
 Stab: Sleeping          |       |     2 |       ||     2
  Eat: Chunk             |     1 |     4 |     1 ||     6
       Ration            |       |     2 |       ||     2
Armor: Skin              |    17 |    73 |     3 ||    93
Dodge: Dodged            |    38 |   106 |    10 ||   154
